 Dungeon Crawl Stone Soup version 0.28-a0-1002-gf00fe891ef (webtiles) character file.

Game seed: 6209595869852124919

1514 Hubris850 the Shooter (level 8, -17/63 HPs)
             Began as a Minotaur Hunter on Dec 6, 2021.
             Was a Believer of Qazlal.
             Shot with a bolt by an orc warrior (19 damage)
             ... in a bailey.
             The game lasted 00:17:40 (8580 turns).

Hubris850 the Shooter (Minotaur Hunter)             Turns: 8580, Time: 00:17:41

Health: -17/63     AC:  8    Str: 17    XL:     8   Next: 53%
Magic:  9/9        EV: 13    Int:  8    God:    Qazlal [**....]
Gold:   316        SH:  2    Dex: 13    Spells: 7/7 levels left

rFire   . . .      SeeInvis .   b - +2 shortbow
rCold   . . .      Faith    +   (shield currently unavailable)
rNeg    . . .      Spirit   .   D - +1 steam dragon scales
rPois   .          Reflect  .   (helmet restricted)
rElec   .          Harm     .   (no cloak)
rCorr   .          Rampage  .   (no gloves)
Will    .....                   k - +0 pair of boots
Stlth   +.........              E - amulet of faith
HPRegen 0.20/turn               (no ring)
MPRegen 0.11/turn               (no ring)

@: no status effects
A: horns 2, retaliatory headbutt
a: Renounce Religion, Upheaval


You were in a bailey.
You worshipped Qazlal.
Qazlal was pleased with you.
You visited 1 branch of the dungeon, and saw 7 of its levels.
You also visited: Bailey.

You collected 316 gold pieces.

Inventory:

Hand Weapons
 a - a +2 halberd of flaming
 b - a +2 shortbow (weapon)
 u - a +0 short sword
 w - a +3 hunting sling of flaming
 C - a +0 hand axe
Missiles
 d - 97 arrows (quivered ammo)
 s - 18 poisoned darts
 t - 3 throwing nets
Armour
 c - a +0 leather armour
 h - a +0 ring mail
 k - a +0 pair of boots (worn)
 o - a +0 chain mail
 D - +1 steam dragon scales (worn)
Jewellery
 E - an amulet of faith (around neck)
Wands
 B - a wand of iceblast (6)
Scrolls
 e - a scroll of fog
 g - a scroll of immolation
 l - a scroll of fear
 q - a scroll of enchant armour
 r - a scroll of amnesia
 y - a scroll of silence
 z - a scroll of summoning
 A - a scroll of blinking
 F - a scroll of teleportation
Potions
 f - a potion of flight
 j - a potion of brilliance
 m - a potion of attraction
 p - a potion of heal wounds
 v - 2 potions of curing
 x - a potion of degeneration {unknown}


   Skills:
 - Level 3.0 Fighting
 - Level 3.9 Short Blades
 - Level 4.3(4.8) Axes
 + Level 2.9(4.1) Polearms
 + Level 7.9 Bows
 - Level 4.0 Armour
 - Level 4.0 Dodging
 - Level 0.7 Stealth
 + Level 3.9 Invocations


You had 7 spell levels left.
You didn't know any spells.
Your spell library contained the following spells:

 Spells                   Type           Power      Damage    Failure   Level
 Sandblast                Erth           0%         2d4       41%         1
 Ensorcelled Hibernation  Hex/Ice        0%         N/A       54%         2
 Passwall                 Tmut/Erth      0%         N/A       54%         2
 Call Canine Familiar     Summ           0%         N/A       78%         3
 Gell's Gravitas          Tloc           0%         N/A       78%         3
 Lesser Beckoning         Tloc           0%         N/A       78%         3
 Stone Arrow              Conj/Erth      0%         3d7       78%         3
 Teleport Other           Tloc           0%         N/A       78%         3
 Tukima's Dance           Hex            0%         N/A       78%         3
 Animate Dead             Necr           0%         N/A       99%         4
 Passage of Golubria      Tloc           0%         N/A       99%         4
 Summon Ice Beast         Ice/Summ       0%         N/A       99%         4
 Manifold Assault         Tloc           0%         N/A       100%        5
 Silence                  Hex/Air        0%         N/A       100%        5
 Dispersal                Tloc           0%         N/A       100%        6
 Haunt                    Necr/Summ      0%         N/A       100%        7
 Infestation              Necr           0%         N/A       100%        8
 Lehudib's Crystal Spear  Conj/Erth      0%         10d2      100%        8


Dungeon Overview and Level Annotations

Branches:
Dungeon (7/15)             Temple (0/1) D:5          Bailey (1/1)

Altars:
Cheibriados
Dithmenos
Elyvilon
Kikubaaqudgha
Qazlal
Wu Jian
The Shining One

Shops:
D:3 (   D:5 =

Annotations:
D:3 2 transporters, petzl's ghost, weakling OpAM


Innate Abilities, Weirdness & Mutations

You have a pair of horns on your head.
You reflexively headbutt those who attack you in melee.


Message History

Press: ? - help, Q - select action, (/) - cycle Shift-Dir - straight line, f/p - orc warrior
Aim: an orc warrior, wielding a +0 arbalest, wearing a +0 scale mail and quivering bolts (58% to hit)
You shoot an arrow.
The arrow hits the orc warrior but does no damage.
The orc warrior shoots a bolt.
You block the bolt.
Fire: 102 arrows
Press: ? - help, Q - select action, (/) - cycle Shift-Dir - straight line, f/p - orc warrior
Aim: an orc warrior, wielding a +0 arbalest, wearing a +0 scale mail and quivering bolts (58% to hit)
You shoot an arrow.
The arrow closely misses the orc warrior.
The orc warrior shoots a bolt.
The bolt hits you!!
* * * LOW HITPOINT WARNING * * *
The orc warrior shoots a bolt.
The bolt misses you.
Fire: 101 arrows
Press: ? - help, Q - select action, (/) - cycle Shift-Dir - straight line, f/p - orc warrior
Aim: an orc warrior, wielding a +0 arbalest, wearing a +0 scale mail and quivering bolts (58% to hit)
You shoot an arrow.
The arrow hits the orc warrior but does no damage.
The orc warrior shoots a bolt.
The bolt closely misses you.
Fire: 100 arrows
Press: ? - help, Q - select action, (/) - cycle Shift-Dir - straight line, f/p - orc warrior
Aim: an orc warrior, wielding a +0 arbalest, wearing a +0 scale mail and quivering bolts (58% to hit)
You shoot an arrow. The arrow hits the orc warrior!
The orc warrior is moderately wounded.
The orc warrior shoots a bolt.
The bolt completely misses you.
Fire: 99 arrows
Press: ? - help, Q - select action, (/) - cycle Shift-Dir - straight line, f/p - orc warrior
Aim: an orc warrior, wielding a +0 arbalest, wearing a +0 scale mail and quivering bolts (moderately wounded, 58% to hit)
You shoot an arrow. The arrow hits the orc warrior.
The orc warrior is heavily wounded.
The orc warrior shoots a bolt.
The bolt barely misses you.
Fire: 98 arrows
Press: ? - help, Q - select action, (/) - cycle Shift-Dir - straight line, f/p - orc warrior
Aim: an orc warrior, wielding a +0 arbalest, wearing a +0 scale mail and quivering bolts (heavily wounded, 58% to hit)
You shoot an arrow.
The arrow hits the orc warrior but does no damage.
The orc warrior is heavily wounded.
The orc warrior shoots a bolt.
The bolt barely misses you.
The orc warrior shoots a bolt.
The bolt hits you!!
You die...

##...... .....# ##........
≈≈....#### ####....≈≈≈≈≈
#.≈).....###......≈.#.#
∩#≈.....o.........≈#∩.##≈......
oo≈....o..........≈..^.)≈......
##≈...............≈##.##≈......
#≈≈............○..≈≈#)#≈≈......
≈≈............@....≈≈≈≈≈.......
...............................
...............................
...............................
...............................
.............................∩.
..............................∩
###############################


You could see 2 orc warriors.

Vanquished Creatures
  Maggie (D:6)
  A black bear (D:4)
  An orc warrior (Bailey)
  An ice beast (D:6)
  A necrophage (D:2)
  An ogre (D:6)
  A kobold brigand (D:6)
  A gnoll sergeant (D:6)
  A scorpion (D:6)
  2 electric eels (D:6)
  2 howler monkeys (D:7)
  2 jellies
  A hound (D:4)
  Terence (D:2)
  A centaur skeleton (D:6)
  2 iguanas
  2 hound zombies (D:5)
  A howler monkey skeleton (D:6)
  4 adders
  4 gnolls (D:6)
  2 white imps (D:7)
  An ufetubus (D:5)
  A worm (D:2)
  2 dart slugs (D:2)
  14 orcs
  2 bats
  11 endoplasms
  6 giant cockroaches
  10 goblins
  4 hobgoblins
  2 jackals (D:1)
  3 quokkas
  11 ball pythons
  2 frilled lizards
  16 kobolds
  3 rats
121 creatures vanquished.

Vanquished Creatures (others)
  9 plants
9 creatures vanquished.

Grand Total: 130 creatures vanquished

Notes
Turn   | Place    | Note
-------+----------+-------------------------------------------
     0 | D:1      | Hubris850 the Minotaur Hunter began the quest for the Orb.
     0 | D:1      | Reached XP level 1. HP: 18/18 MP: 0/0
    56 | D:1      | Found a faded altar of an unknown god.
   149 | D:1      | Reached XP level 2. HP: 25/25 MP: 1/1
   901 | D:2      | Found a stormy altar of Qazlal.
   913 | D:2      | Reached XP level 3. HP: 28/31 MP: 2/2
   913 | D:2      | Became a worshipper of Qazlal Stormbringer
  1002 | D:2      | Noticed a necrophage
  1030 | D:2      | HP: 1/28 [necrophage (3)]
  1031 | D:2      | Killed a necrophage
  1032 | D:2      | Reached skill level 5 in Bows
  1032 | D:2      | Reached XP level 4. HP: 2/38 MP: 3/3
  1428 | D:2      | Reached XP level 5. HP: 34/45 MP: 4/4
  1659 | D:2      | Noticed Terence
  1671 | D:2      | Killed Terence
  2153 | D:3      | Found an ornate altar of the Wu Jian Council.
  2276 | D:3      | Reached * piety under Qazlal
  2373 | D:3      | Found Wacziejo's Antique Weapon Shop.
  2399 | D:3      | Found a transporter.
  2401 | D:3      | Noticed petzl's ghost (weakling OpAM)
  2407 | D:3      | Found a transporter.
  2778 | D:3      | Found a glowing golden altar of the Shining One.
  3876 | D:4      | Reached XP level 6. HP: 51/51 MP: 5/5
  4046 | D:4      | Reached skill level 1 in Axes
  4046 | D:4      | Reached skill level 6 in Bows
  4049 | D:4      | Found a shadowy altar of Dithmenos.
  4122 | D:4      | Reached skill level 1 in Short Blades
  4654 | D:5      | Entered Level 5 of the Dungeon
  4755 | D:5      | Found a staircase to the Ecumenical Temple.
  4810 | D:5      | Found a snail-covered altar of Cheibriados.
  4869 | D:5      | Found Xoruoklu's One-of-a-Kind Rings.
  4958 | D:5      | Reached ** piety under Qazlal
  5244 | D:5      | Got the Almanac of the Supportive Traveller
  5450 | D:6      | Reached XP level 7. HP: 57/57 MP: 6/6
  5703 | D:6      | Reached skill level 1 in Invocations
  6154 | D:6      | Found a white marble altar of Elyvilon.
  6167 | D:6      | HP: 2/57 [electric eel/bolt of electricity (8)]
  7047 | D:6      | Noticed Maggie
  7070 | D:6      | Killed Maggie
  7071 | D:6      | Reached skill level 7 in Bows
  7071 | D:6      | Reached XP level 8. HP: 4/63 MP: 4/9
  7485 | D:6      | Reached skill level 1 in Polearms
  8282 | D:7      | Found an ancient bone altar of Kikubaaqudgha.
  8342 | D:7      | Found a flagged portal.
  8355 | Bailey   | Entered a bailey
  8576 | Bailey   | HP: 1/63 [orc warrior/bolt (19)]
  8580 | Bailey   | Shot with a bolt by an orc warrior

Illustrated notes

Levels and vault maps discovered:
D:1:      dpeg_arrival_simpleton_c, layout_basic,
          hellmonk_ecumenical_altar_crossroads, item_on_display_a
D:2:      layout_loops_cross, basic_altar, minmay_hexomino_c4, uniq_terence
D:3:      layout_basic, tso_oasis_becter, pdpol_wu_jian_five_deadly_venoms,
          gammafunk_ghost_arena, serial_shops, shop
D:4:      corexii_shack_village, layout_loops_corners, lemuel_doored_altar
D:5:      layout_loops_cross, overflow_temple_1_default,
          minmay_temple_entry_offerings, minmay_misc_feat_x,
          kennysheep_cross_room, nicolae_shop_unique_rings
D:6:      layout_cave_pods, nicolae_elyvilon_temple_path, uniq_maggie
D:7:      layout_rooms, nicolae_ru_path_of_blood, kiku_gazebo_garden_becter,
          enter_bailey_2
Bailey:   bailey_polearm_2, bailey

Skill      XL: |  1  2  3  4  5  6  7  8 |
---------------+-------------------------+-----
Fighting       | 3 |  3.0
Dodging        | 3 4 |  4.0
Bows           | 5 6 7 |  7.9
Armour         | 2 3 4 |  4.0
Axes           | 2 4 |  4.3
Short Blades   | 2 3 |  3.9
Invocations    | 2 3 |  3.9
Polearms       | 2 |  2.9
Stealth        | |  0.7

Action                   |  1- 3 |  4- 6 |  7- 9 || total
-------------------------+-------+-------+-------++-------
Melee: Short sword       |    56 |   169 |       ||   225
       Headbutt          |     9 |    38 |     8 ||    55
       Hand axe          |       |    19 |    29 ||    48
       Halberd           |       |       |    18 ||    18
 Fire: Shortbow          |    10 |     2 |   133 ||   145
Throw: Dart              |       |       |     1 ||     1
Invok: Upheaval          |       |       |     2 ||     2
Evoke: Wand              |       |       |     4 ||     4
  Use: Scroll            |       |       |    13 ||    13
       Potion            |       |       |     2 ||     2
 Stab: Sleeping          |     1 |       |       ||     1
Armor: Leather armour    |    10 |       |       ||    10
       Ring mail         |     5 |    20 |       ||    25
       Chain mail        |       |    71 |    21 ||    92
       Steam dragon scal |       |       |     6 ||     6
Dodge: Dodged            |    37 |   103 |    47 ||   187
Block: Other             |       |     9 |    11 ||    20

Table legend: (Time is in decaauts)
 A = Elapsed time spent in this place.
 B = Non-inter-level travel time spent in this place.
 C = Inter-level travel time spent in this place.
 D = Time resting spent in this place.
 E = Time spent auto-exploring this place.
 F = Levels seen in this place.
 G = Mean time per level.
                   A        B        C        D        E       F      G
               +--------+--------+--------+--------+--------+-----+--------+
         Total |   8600 |   8465 |    135 |   2048 |   5182 |   8 | 1075.0 |
       Dungeon |   8378 |   8243 |    135 |   1896 |   5182 |   7 | 1196.9 |
        Bailey |    221 |    221 |      0 |    152 |      0 |   1 |  221.0 |
               +--------+--------+--------+--------+--------+-----+--------+

Top non-repeatable levels by time:
     D:6: 2550 daAuts
     D:4: 1425 daAuts
     D:2: 1205 daAuts
     D:3: 1138 daAuts
     D:5: 963 daAuts
     D:1: 905 daAuts
  Bailey: 221 daAuts
     D:7: 190 daAuts
